details: 'argeich v isayneveragain o v ud lt win'

« prev index next »

General information

Mini Map

Players

team 1
OrcArgeich (purple | 103 APM | 2541 actions | 24:38)
Hero icon 5 Blademaster
Ability icon 3 Wind Walk
Ability icon 2 Critical Strike
Hero icon 2 Shadow Hunter
Ability icon 1 Hex
Ability icon 1 Healing Wave

» actions
Assign group hotkey31
Basic commands125
Build / train88
ESC pressed1
Enter build submenu32
Enter hero's abilities submenu7
Give item / drop item4
Right click1220
Select / deselect328
Select group hotkey588
Use ability117
2541 total
» units
Peon21
Wind Rider12
Raider9
Shaman5
Troll Batrider1
48 total
» upgrades
Ensnare1
Envenomed Spears1
Reinforced Defenses1
Armor1
Shaman Training2
War Drums Damage Increase1
7 total
» buildings
Altar of Storms1
Orc Burrow7
Voodoo Lounge1
War Mill1
Stronghold3
Watch Tower14
Fortress1
Beastiary3
Great Hall2
Spirit Lodge1
34 total
» build order
00:06 Altar of Storms
00:18 Orc Burrow
01:03 Voodoo Lounge
01:34 War Mill
01:53 Orc Burrow
02:36 Stronghold
02:37 Stronghold
02:37 Stronghold
02:55 Watch Tower
03:13 Watch Tower
03:33 Orc Burrow
05:02 Fortress
05:06 Beastiary
05:10 Beastiary
06:03 Watch Tower
06:08 Great Hall
06:19 Orc Burrow
10:27 Spirit Lodge
11:05 Orc Burrow
11:09 Orc Burrow
11:56 Watch Tower
13:04 Watch Tower
13:06 Watch Tower
13:31 Great Hall
13:38 Watch Tower
13:52 Watch Tower
14:34 Watch Tower
14:35 Watch Tower
14:49 Orc Burrow
15:59 Watch Tower
16:00 Watch Tower
16:01 Watch Tower
16:01 Watch Tower
16:42 Beastiary
» items
Healing Salve3
Lesser Clarity Potion2
Boots of Speed1
Circlet of Nobility1
Scroll of Speed1
Potion of Healing1
Orb of Lightning1
10 total
team 2
Random» UndeadISayNeverAgain (teal | 129 APM | 3170 actions | 24:39)
Hero icon 5 Crypt Lord
Ability icon 2 Carrion Beetles
Ability icon 3 Impale
Hero icon 6 Death Knight
Ability icon 3 Death Coil
Ability icon 2 Unholy Aura
Ability icon 1 Animate Dead
Hero icon 5 Dreadlord
Ability icon 3 Sleep
Ability icon 2 Vampiric Aura

» actions
Assign group hotkey41
Basic commands74
Build / train102
ESC pressed2
Enter build submenu29
Enter hero's abilities submenu17
Give item / drop item8
Right click1505
Select / deselect730
Select group hotkey527
Use ability135
3170 total
» units
Acolyte18
Ghoul6
Crypt Fiend11
Obsidian Statue4
Abomination2
Frost Wyrm7
Necromancer7
55 total
» upgrades
Burrow1
Web1
Creature Attack3
Necromancer Training2
Disease Cloud1
Freezing Breath1
Backpack1
Creature Carapace1
11 total
» buildings
Crypt2
Altar of Darkness1
Ziggurat12
Tomb of Relics1
Nerubian Tower2
Graveyard1
Necropolis3
Spirit Tower2
Halls of the Dead1
Black Citadel1
Slaughterhouse1
Sacrificial Pit1
Boneyard1
Temple of the Damned1
30 total
» build order
00:06 Crypt
00:11 Altar of Darkness
00:24 Ziggurat
01:08 Tomb of Relics
01:52 Ziggurat
02:02 Nerubian Tower
03:21 Graveyard
03:38 Necropolis
04:39 Ziggurat
04:52 Spirit Tower
05:20 Ziggurat
05:26 Ziggurat
05:49 Halls of the Dead
06:17 Spirit Tower
06:18 Nerubian Tower
06:49 Ziggurat
06:55 Ziggurat
07:07 Ziggurat
07:58 Ziggurat
08:50 Ziggurat
08:53 Ziggurat
10:15 Black Citadel
10:28 Slaughterhouse
11:27 Sacrificial Pit
12:47 Boneyard
13:12 Crypt
13:16 Temple of the Damned
14:56 Necropolis
19:01 Ziggurat
24:32 Necropolis
» items
Rod of Necromancy2
Dust of Appearance1
Potion of Healing3
Scroll of Town Portal1
Scroll of Healing2
Potion of Lesser Invulnerability1
Orb of Corruption1
11 total